 Dungeon Crawl Stone Soup version 0.24.0-13-gcf9b3192b9 (console) character file.

Game seed: 1389482076638269986, levelgen mode: deterministic

440 AlterAsc the Changer (level 7, -4/43 HPs)
             Began as an Octopode Transmuter on Nov 9, 2019.
             Slain by a worker ant (7 damage)
             ... on level 4 of the Dungeon.
             The game lasted 00:09:15 (4892 turns).

AlterAsc the Changer (Octopode Transmuter)          Turns: 4892, Time: 00:09:16

Health: -4/43      AC:  1    Str: 11    XL:     7   Next: 2%
Magic:  12/12      EV: 13    Int: 16    God:
Gold:   91         SH:  0    Dex: 12    Spells: 3/13 levels left

rFire    . . .     SeeInvis .     - Unarmed
rCold    + . .     Gourm    .   (no shield)
rNeg     . . .     Faith    .   (helmet restricted)
rPois    .         Spirit   .   (no amulet)
rElec    .         Reflect  .   l - ring of protection from cold
rCorr    .         Harm     .   (no ring)
MR       .....                  (no ring)
Stlth    ++........             (no ring)
HPRegen  0.14/turn              (no ring)
MPRegen  0.13/turn              (no ring)
                                (no ring)
                                (no ring)

@: lethally poisoned (-4 -> -9), appendage
A: almost no armour, stealthy swim, amphibious, 8 rings, constrict 8, tentacle
spike 3, camouflage 1, gelatinous body 1
a: End Transformation


You were on level 4 of the Dungeon.
You were not hungry.
One of your tentacles had a temporary spike.
You visited 1 branch of the dungeon, and saw 4 of its levels.

You collected 91 gold pieces.

Inventory:

Missiles
 a - 113 arrows
 i - a throwing net (quivered)
Jewellery
 l - a ring of protection from cold (left tentacle)
Scrolls
 b - 2 scrolls of blinking {unknown}
 d - 5 scrolls of remove curse
 e - a scroll of enchant weapon {unknown}
 h - a scroll of enchant armour {unknown}
 j - a scroll of fog {unknown}
 m - a scroll of fear {unknown}
 n - a scroll of immolation {unknown}
Potions
 f - 2 potions of haste {unknown}
 g - a potion of heal wounds {unknown}
 k - a potion of brilliance {unknown}
Comestibles
 c - 5 rations
 o - 7 chunks of flesh


   Skills:
 - Level 1.2 Fighting
 - Level 2.1 Dodging
 - Level 3.1 Unarmed Combat
 + Level 3.9 Spellcasting
 * Level 5.5 Transmutations
 - Level 2.0 Ice Magic


You had 3 spell levels left.
You knew the following spells:

 Your Spells              Type           Power        Failure   Level  Hunger
a - Beastly Appendage     Tmut           ###...       1%          1    None
b - Sticks to Snakes      Tmut           ###.....     2%          2    ##.....
c - Spider Form           Tmut/Pois      ##........   16%         3    ###....
d - Ice Form              Ice/Tmut       ###.....     34%         4    ####...

Your spell library contained the following spells:

 Spells                   Type           Power        Failure   Level  Hunger
 Blade Hands              Tmut           ###.......   43%         5    ######.


Dungeon Overview and Level Annotations

Branches:
Dungeon (4/15)
 Temple: D:4-7

Altars:
Elyvilon
Gozag
Qazlal
Ru
Trog
The Shining One


Innate Abilities, Weirdness & Mutations

You cannot wear most types of armour.
You are very stealthy in the water. (Stealth+)
You are amphibious.
You can wear up to eight rings at the same time.
You can use your tentacles to constrict eight enemies at once.
Your skin changes colour to match your surroundings (Stealth+).
Your rubbery body absorbs attacks. (AC +1, EV +1)
One of your tentacles bears a large vicious spike.


Message History

You squeeze the worker ant.
The worker ant is heavily wounded.
The worker ant closely misses you.
You tentacle-slap the worker ant but do no damage.
Your grab misses the worker ant. You squeeze the worker ant.
The worker ant is heavily wounded.
The worker ant bites you.
You barely miss the worker ant. You grab the worker ant.
The worker ant is heavily wounded.
You constrict the worker ant. The worker ant bites you.
* * * LOW HITPOINT WARNING * * *
You are poisoned.
The worker ant poisons you! The worker ant bites you.
* * * LOW HITPOINT WARNING * * *
You tentacle-slap the worker ant.
You pierce the worker ant.
The worker ant is severely wounded.
You constrict the worker ant, but do no damage.
* * * LOW HITPOINT WARNING * * *
You feel sick. The worker ant bites you!
You die...

....####..##(..# ###......###
......#...#(..##
#.......>..#...
....W.W........#
#<...........#
....##.##.#...##
......#.#...##
#.[..#.#####..# .#..###.#####
.#........# .... ..###...##
.#...........##. ###...⌠..#
.............#####....)...##
.#....#....###.a@..........#
.#..###..###...##.⌠........##
##... ###...⌠. #.....#.....#
.... ....... ##........⌠.##
..... ....... #...........#
⌠...... ##........#+# ....#..
#..⌠...### ....... ##...###
#)###


You could see a worker ant.

Vanquished Creatures
  4 orc priests
  2 orc wizards (D:4)
  Terence (D:2)
  Jessica (D:2)
  4 gnolls
  5 adders (D:2)
  4 oozes
  3 worms
  2 dart slugs
  A leopard gecko (D:2)
  13 orcs
  A ball python (D:2)
  6 bats
  3 giant cockroaches
  12 goblins
  8 hobgoblins
  7 jackals
  4 kobolds
  2 quokkas (D:3)
  7 rats
90 creatures vanquished.

Vanquished Creatures (collateral kills)
  An adder (D:3)
  A ball python (D:3)
2 creatures vanquished.

Grand Total: 92 creatures vanquished

Notes
Turn   | Place    | Note
-------+----------+-------------------------------------------
     0 | D:1      | AlterAsc the Octopode Transmuter began the quest for the
                  | Orb.
     0 | D:1      | Reached XP level 1. HP: 13/13 MP: 3/3
   216 | D:1      | Reached XP level 2. HP: 13/18 MP: 3/5
   542 | D:1      | Reached XP level 3. HP: 20/23 MP: 4/6
   915 | D:2      | Noticed Jessica
   930 | D:2      | Learned a level 2 spell: Sticks to Snakes
   934 | D:2      | Learned a level 3 spell: Spider Form
   942 | D:2      | HP: 1/23 [Jessica/nerve-wracking pain (14)]
   943 | D:2      | Killed Jessica
   943 | D:2      | Reached skill level 3 in Transmutations
  1297 | D:2      | Reached XP level 4. HP: 18/28 MP: 5/8
  2199 | D:2      | Reached skill level 4 in Transmutations
  2376 | D:2      | Found a white marble altar of Elyvilon.
  2397 | D:2      | Noticed Terence
  2410 | D:2      | Killed Terence
  2410 | D:2      | Reached XP level 5. HP: 25/33 MP: 6/9
  2424 | D:2      | Found a sacrificial altar of Ru.
  2472 | D:2      | Found a glowing golden altar of the Shining One.
  2569 | D:2      | Learned a level 4 spell: Ice Form
  2904 | D:2      | Reached XP level 6. HP: 28/38 MP: 7/11
  3033 | D:3      | Reached skill level 1 in Ice Magic
  3161 | D:3      | Found an opulent altar of Gozag.
  3167 | D:3      | Reached skill level 5 in Transmutations
  3386 | D:3      | Found a bloodstained altar of Trog.
  4105 | D:3      | Found a stormy altar of Qazlal.
  4328 | D:4      | Noticed a phantom
  4867 | D:4      | Reached XP level 7. HP: 19/43 MP: 12/12
  4892 | D:4      | Slain by a worker ant

Levels and vault maps discovered:
D:1:      dpeg_arrival_shrine, layout_basic
D:2:      kennysheep_the_goblin_king, layout_rooms, overflow_temple_1_default,
          nicolae_ru_path_of_blood, minmay_strange_pillars,
          nicolae_tso_carved_into_rock, uniq_terence, uniq_jessica
D:3:      layout_basic, grunt_qazlal_sundering, grunt_gozag_breadcrumbs,
          first_ration, trog_three_pillars_becter
D:4:      minmay_skewed_foursquare, layout_cave_pools, serial_column_ruins,
          column_ruins_grid_1, column_ruins_open_tiny,
          column_ruins_columns_corner, column_ruins_columns_corner,
          column_ruins_columns_corner, kennysheep_generic_room_12

Skill      XL: |  1  2  3  4  5  6 |
---------------+-------------------+-----
Transmutations | 3 4 5 |  5.5
Spellcasting   | 3 |  3.9
Ice Magic      | 2 |  2.0
Fighting       | |  1.2
Dodging        | |  2.1
Unarmed Combat | |  3.1

Action                   |  1- 3 |  4- 6 |  7- 9 || total
-------------------------+-------+-------+-------++-------
Melee: Unarmed           |    58 |   213 |     7 ||   278
       Constrict         |    16 |    28 |     2 ||    46
       Kick              |    10 |    13 |     2 ||    25
       Tentacles         |     6 |    22 |     3 ||    31
       Punch             |     1 |     3 |       ||     4
 Cast: Beastly Appendage |    16 |    22 |     1 ||    39
       Spider Form       |     1 |    15 |       ||    16
       Sticks to Snakes  |       |     2 |       ||     2
 Abil: End Transformatio |       |     1 |       ||     1
  Use: Scroll            |       |     1 |       ||     1
 Stab: Sleeping          |     4 |     6 |       ||    10
  Eat: Chunk             |     1 |    12 |       ||    13
       Ration            |       |     1 |       ||     1
Armor: Skin              |     4 |    11 |       ||    15
Dodge: Dodged            |    38 |   128 |     2 ||   168
